 Dungeon Crawl Stone Soup version 0.31.0-1-g2c135a008e (webtiles) character file.

Game seed: 13699490254669445806

3143 qw the Skirmisher (level 10, -6/72 HPs)
             Began as a Djinni Hunter on Jan 23, 2024.
             Was a Believer of Okawaru.
             Mangled by Pikel
             ... wielding a +2 whip of freezing
              (11 damage)
             ... on level 8 of the Dungeon.
             The game lasted 00:00:37 (6495 turns).

qw the Skirmisher (Djinni Hunter)                   Turns: 6495, Time: 00:00:38

Health: -6/72      AC:  7    Str: 10    XL:     10   Next: 15%
Gold:   223        EV: 18    Int: 11    God:    Okawaru [**....] SH:  0 Dex: 21

rFire   + + .        f - +0 orcbow (freeze)
rCold   x . .        (shield currently unavailable)
rNeg    . . .        j - +0 ring mail
rPois   inf          (no helmet)
rElec   .            i - +1 cloak
rCorr   .            (no gloves)
SInv    .            (boots unavailable)
Will    ++...        (no amulet)
Stlth   +            g - ring of willpower
HPRegen 0.32/turn    h - +5 ring of evasion
MPRegen 0.00/turn

%: infuse magic (-7 HP)
@: about to teleport, flying
A: sickness immunity, fire resistance 2, cold vulnerability 1, float, innate
caster, HP casting, extra vitality 1
a: Renounce Religion, Heroism


You were on level 8 of the Dungeon.
You worshipped Okawaru.
Okawaru was pleased with you.
You visited 2 branches of the dungeon, and saw 9 of its levels.

You collected 330 gold pieces.
You spent 107 gold pieces at shops.


Innate Abilities, Weirdness & Mutations

You are immune to sickness and miasma.
You are immune to poison.
Your flesh is very heat resistant. (rF++)
You are vulnerable to cold. (rC-)
You float through the air rather than walking.
You learn spells naturally, not from books.
Your magical power is your life essence.
You have superior vitality. (+4 MHP)


   Skills:
 - Level 6.3 Fighting
 - Level 9.0 Ranged Weapons
 - Level 2.7 Armour
 + Level 5.6 Dodging
 - Level 0.7 Stealth
 - Level 4.0 Invocations


You knew the following spells:

 Your Spells              Type           Power      Damage    Failure   Level
a - Necrotise             Necr           0%         1d4       65%         1
b - Mercury Vapours       Alch/Air       0%         N/A       78%         2
c - Scorch                Fire           0%         2d5       78%         2
d - Martyr's Knell        Necr/Summ      0%         N/A       100%        4
Your spell library was empty.

Inventory:

Hand Weapons
 f - a +0 orcbow of freezing (weapon)
Armour
 i - a +1 cloak (worn)
 j - a +0 ring mail (worn)
Jewellery
 g - a ring of willpower (left hand)
 h - a +5 ring of evasion (right hand)
Wands
 o - a wand of roots (12)
Scrolls
 a - 6 scrolls of identify
 d - 2 scrolls of teleportation
Potions
 b - a potion of enlightenment
 c - a potion of brilliance {unknown}
 e - a potion of resistance {unknown}
 l - a potion of cancellation
 n - a potion of curing

Dungeon Overview and Level Annotations

Branches:
Dungeon (8/15)             Temple (1/1) D:6
   Lair: D:8-11

Altars:
Ashenzari
Cheibriados
Dithmenos
Elyvilon
Fedhas
Gozag
Hepliaklqana
Makhleb
Nemelex Xobeh
Okawaru
Qazlal
Ru
Trog
Xom
Yredelemnul
Zin
The Shining One

Shops:
D:5 (

Annotations:
D:8 Pikel


Message History

You shoot an arrow.
The arrow hits the kobold but does no damage.
You shoot an arrow. The arrow hits Pikel.
The arrow freezes Pikel.
Pikel is lightly wounded.
The kobold brigand throws a curare-tipped dart.
The curare-tipped dart hits you. You resist. Pikel hits you but does no damage.
You shoot an arrow. The arrow hits Pikel.
The arrow freezes Pikel.
Pikel is moderately wounded.
The kobold barely misses you.
Pikel says, "You'll make a fine lemure."
Pikel hits you with a +2 whip of freezing.
Pikel freezes you.
You shoot an arrow. The arrow barely misses Pikel.
The kobold misses you. The kobold hits you but does no damage.
Pikel hits you with a +2 whip of freezing.
Pikel freezes you.
You shoot an arrow. The arrow hits Pikel!
The arrow freezes Pikel!
Pikel is almost dead.
The kobold hits you but does no damage.
Pikel hits you with a +2 whip of freezing!
Pikel freezes you.
You shoot an arrow. The arrow closely misses Pikel.
Pikel hits you with a +2 whip of freezing.
Pikel freezes you. The kobold closely misses you. x2
You shoot an arrow. The arrow barely misses Pikel.
The kobold closely misses you.
Pikel hits you with a +2 whip of freezing!
Pikel freezes you.
The kobold hits you but does no damage. x3
Pikel says, "Asmodeus and me are pals.
He gave me this whip."
Pikel hits you with a +2 whip of freezing!
Pikel freezes you.
6495 ||| READING 3 scrolls of teleportation.
As you read the scroll of teleportation, it crumbles to dust.
You feel strangely unstable. The kobold barely misses you.
The kobold brigand hits you with a +0 dagger.
The kobold closely misses you.
Pikel hits you with a +2 whip of freezing!
You die...
Pikel says, "See you in Hell!"

..K.!....#...#....########.
###..........##.......##....
.........................#
#....................7...# .
#...).)..............P.#
...#........######..#7....##
..)........K# #....P~77.#
..#...$.)KK# ^##.P...~~..#
##...#)#@#...#....~7~~~P#
.......#.KK'._.+.#.P.~~7~P#
...##.......#...#..P.7~~~~.#
.. .........#.#.#...7~~~...#
. ..........# # #....~~7..P#
######..<..#####..7..P.P7..
###..[......%.....7#..
##....#...#<..P7.#.. #....
...#......##.


You could see Pikel, a kobold brigand and 3 kobolds.

Vanquished Creatures
  A wyvern (D:7)
  A steam dragon (D:7)
  3 water moccasins
  An orc warrior (D:7)
  2 ice beasts
  4 lemures (D:8)
  3 phantoms
  5 bullfrogs
  3 gnoll sergeants
  3 scorpions (D:6)
  7 wights (D:8)
  4 crimson imps (D:8)
  2 bombardier beetles
  A hound (D:7)
  A jelly (D:6)
  4 orc priests
  3 iguanas
  4 orc wizards (D:7)
  Ijyb (D:3)
  Natasha (thrice) (D:2)
  17 gnolls
  7 adders
  2 white imps (D:5)
  4 ufetubi
  3 dart slugs
  12 orcs
  3 bats (D:2)
  9 endoplasms
  2 giant cockroaches (D:1)
  12 goblins
  2 hobgoblins
  3 jackals (D:3)
  4 quokkas
  3 ball pythons
  3 frilled lizards
  8 kobolds
  12 rats
162 creatures vanquished.

Notes
Turn   | Place    | Note
-------+----------+-------------------------------------------
     0 | D:1      | qw the Djinni Hunter began the quest for the Orb.
     0 | D:1      | Reached XP level 1. HP: 18/18 MP: 0/0
     0 | D:1      | 0 ||| qw: Version: 0.3-a-132-g3d54051
     0 | D:1      | 0 ||| qw: Game counter: 586
     0 | D:1      | 0 ||| qw: Melee chars always use a shield: true
     0 | D:1      | 0 ||| qw: God list: Okawaru
     0 | D:1      | 0 ||| qw: Allow faded altars: false
     0 | D:1      | 0 ||| qw: Do Orc after clearing Dungeon:15 true
     0 | D:1      | 0 ||| qw: Do second Lair branch before Depths: true
     0 | D:1      | 0 ||| qw: Lair rune preference: random
     0 | D:1      | 0 ||| qw: Goals: Normal
     0 | D:1      | 0 ||| PLANNING D:1-11
    30 | D:1      | Reached XP level 2. HP: 23/23 MP: 0/0
   469 | D:1      | 469 ||| UPGRADING to ring of willpower.
   470 | D:1      | 470 ||| UPGRADING to +5 ring of evasion.
   471 | D:1      | 471 ||| READING 2 scrolls labelled FEN ERPHEAV.
   472 | D:1      | 472 ||| READING scroll labelled GYBIOR WEBIVOIMU.
   473 | D:1      | 473 ||| READING 3 scrolls labelled OLUONTIPAG.
   473 | D:1      | 473 ||| IDENTIFYING yellow potion
   474 | D:1      | 474 ||| READING 2 scrolls of identify.
   474 | D:1      | 474 ||| IDENTIFYING puce potion
   475 | D:1      | 475 ||| READING scroll of identify.
   475 | D:1      | 475 ||| IDENTIFYING scroll labelled DIESECK PUENA
   476 | D:1      | 476 ||| DROPPING scroll of butterflies.
   477 | D:1      | 477 ||| DROPPING scroll of poison.
   478 | D:1      | 478 ||| DROPPING potion of lignification.
   479 | D:1      | 479 ||| DROPPING scroll of torment.
   490 | D:2      | Reached XP level 3. HP: 28/28 MP: 0/0
   490 | D:2      | Learned a level 1 spell: Necrotise
   521 | D:2      | Noticed Natasha
   522 | D:2      | 522 ||| FLEEEEING.
   528 | D:2      | Killed Natasha
   529 | D:2      | Reached skill level 4 in Ranged Weapons
   575 | D:2      | 575 ||| FLEEEEING.
   576 | D:2      | 576 ||| FLEEEEING.
   577 | D:2      | 577 ||| FLEEEEING.
   579 | D:2      | 579 ||| FLEEEEING.
   580 | D:2      | 580 ||| FLEEEEING.
   583 | D:2      | Reached XP level 4. HP: 31/33 MP: 0/0
   707 | D:2      | Noticed Natasha
   715 | D:2      | Killed Natasha
   716 | D:2      | Reached skill level 3 in Fighting
   722 | D:2      | 722 ||| FLEEEEING.
  1176 | D:2      | Noticed Natasha
  1178 | D:2      | Reached XP level 5. HP: 29/40 MP: 0/0
  1178 | D:2      | Learned a level 2 spell: Mercury Vapours
  1178 | D:2      | 1178 ||| FLEEEEING.
  1189 | D:2      | Killed Natasha
  1190 | D:2      | Reached skill level 3 in Dodging
  1376 | D:2      | 1376 ||| UPGRADING to +0 cloak.
  1381 | D:2      | 1381 ||| READING 2 scrolls of identify.
  1381 | D:2      | 1381 ||| IDENTIFYING fizzy blue potion
  1382 | D:2      | 1382 ||| READING scroll of identify.
  1382 | D:2      | 1382 ||| IDENTIFYING orange potion
  1383 | D:2      | 1383 ||| READING 2 scrolls labelled HOQUTHR ANGOSH.
  1384 | D:2      | 1384 ||| FLEEEEING.
  1386 | D:2      | 1386 ||| READING scroll labelled PYHOTI GISA.
  1494 | D:2      | 1494 ||| READING scroll labelled CIN OLYOQYASEM.
  1494 | D:2      | 1494 ||| ENCHANTING +0 cloak.
  1495 | D:2      | 1495 ||| DROPPING potion of ambrosia.
  1805 | D:3      | Noticed Ijyb
  1815 | D:3      | HP: 10/40 [Ijyb/+0 club (2)]
  1816 | D:3      | 1816 ||| READING 2 scrolls of teleportation.
  1816 | D:3      | HP: 4/40 [constriction (1)]
  1817 | D:3      | 1817 ||| DRINKING potion of heal wounds.
  1819 | D:3      | Killed Ijyb
  1820 | D:3      | Reached skill level 5 in Ranged Weapons
  1820 | D:3      | Reached XP level 6. HP: 24/46 MP: 0/0
  1820 | D:3      | 1820 ||| FLEEEEING.
  2260 | D:3      | Reached skill level 1 in Armour
  2260 | D:3      | 2260 ||| FLEEEEING.
  2371 | D:3      | 2371 ||| UPGRADING to +0 ring mail.
  2381 | D:3      | 2381 ||| DROPPING +0 leather armour.
  2382 | D:3      | 2382 ||| READING scroll of identify.
  2382 | D:3      | 2382 ||| IDENTIFYING bubbling golden potion
  2383 | D:3      | 2383 ||| READING 2 scrolls labelled DAOLYA UGIFF.
  2384 | D:3      | 2384 ||| READING scroll labelled NAUNU BAMOY.
  2385 | D:3      | 2385 ||| DROPPING scroll of revelation.
  2463 | D:4      | 2463 ||| STAIRDANCE
  2477 | D:3      | 2477 ||| FLEEEEING.
  2560 | D:4      | 2560 ||| STAIRDANCE
  2562 | D:3      | 2562 ||| FLEEEEING.
  2663 | D:4      | 2663 ||| FLEEEEING.
  2671 | D:4      | 2671 ||| STAIRDANCE
  2755 | D:4      | Reached XP level 7. HP: 52/52 MP: 0/0
  2755 | D:4      | Learned a level 2 spell: Scorch
  2865 | D:4      | 2865 ||| RETREEEEATING.
  2866 | D:4      | 2866 ||| RETREEEEATING.
  2875 | D:4      | 2875 ||| RETREEEEATING.
  2900 | D:4      | 2900 ||| FLEEEEING.
  3165 | D:4      | 3165 ||| DRINKING 2 viscous yellow potions.
  3181 | D:5      | Entered Level 5 of the Dungeon
  3182 | D:5      | 3182 ||| PLANNING SEWER
  3188 | D:5      | Reached skill level 6 in Ranged Weapons
  3238 | D:5      | Found a white marble altar of Elyvilon.
  3479 | D:5      | 3479 ||| FLEEEEING.
  3480 | D:5      | 3480 ||| FLEEEEING.
  3481 | D:5      | 3481 ||| FLEEEEING.
  3482 | D:5      | 3482 ||| FLEEEEING.
  3493 | D:5      | 3493 ||| FLEEEEING.
  3730 | D:5      | Found Dauki's Hydra Hut.
  3736 | D:5      | Noticed a six-headed hydra
  3740 | D:5      | 3740 ||| BUYING +0 orcbow of freezing (107 gold).
  3740 | D:5      | Bought a +0 orcbow of freezing for 107 gold pieces
  3740 | D:5      | 3740 ||| SHOPLISTING +3 arbalest of freezing (326 gold,
                  | have 69).
  3740 | D:5      | 3740 ||| SWAPPING to +0 orcbow of freezing.
  3741 | D:5      | 3741 ||| DROPPING +0 shortbow.
  3777 | D:5      | Reached XP level 8. HP: 49/58 MP: 0/0
  3777 | D:5      | 3777 ||| FLEEEEING.
  3855 | D:5      | Found a glowing drain.
  3856 | D:5      | 3856 ||| DROPPING ring of wizardry.
  3857 | D:5      | 3857 ||| READING scroll of identify.
  3857 | D:5      | 3857 ||| IDENTIFYING viscous coppery potion
  3858 | D:5      | 3858 ||| READING scroll labelled QUWUPE KIONU.
  3859 | D:5      | 3859 ||| DROPPING potion of berserk rage.
  3863 | D:5      | 3863 ||| RIP SEWER
  3863 | D:5      | 3863 ||| PLANNING D:1-11
  4054 | D:6      | Found a hazy altar of Hepliaklqana.
  4055 | D:6      | 4055 ||| STAIRDANCE
  4061 | D:6      | 4061 ||| STAIRDANCE
  4087 | D:6      | 4087 ||| STAIRDANCE
  4115 | D:5      | 4115 ||| FLEEEEING.
  4260 | D:6      | 4260 ||| STAIRDANCE
  4265 | D:6      | 4265 ||| STAIRDANCE
  4271 | D:6      | 4271 ||| STAIRDANCE
  4276 | D:6      | 4276 ||| STAIRDANCE
  4278 | D:5      | 4278 ||| FLEEEEING.
  4429 | D:6      | Found a basalt altar of Yredelemnul.
  4562 | D:6      | 4562 ||| RETREEEEATING.
  4577 | D:6      | Reached skill level 7 in Ranged Weapons
  4579 | D:6      | 4579 ||| FLEEEEING.
  4834 | D:6      | 4834 ||| FLEEEEING.
  4923 | D:6      | 4923 ||| RETREEEEATING.
  4937 | D:6      | 4937 ||| FLEEEEING.
  4940 | D:6      | Found a staircase to the Ecumenical Temple.
  4941 | D:6      | 4941 ||| PLANNING TEMPLE
  5023 | Temple   | Entered the Ecumenical Temple
  5024 | Temple   | 5024 ||| PLANNING D:1-11
  5207 | D:6      | Reached XP level 9. HP: 65/65 MP: 0/0
  5207 | D:6      | Learned a level 4 spell: Martyr's Knell
  5271 | D:6      | Found an iron altar of Okawaru.
  5272 | D:6      | 5272 ||| PLANNING OKAWARU WORSHIP
  5279 | D:6      | Became a worshipper of Warmaster Okawaru
  5280 | D:6      | 5280 ||| PLANNING D:1-11
  5473 | D:7      | 5473 ||| FLEEEEING.
  5485 | D:7      | Reached skill level 8 in Ranged Weapons
  5681 | D:7      | 5681 ||| FLEEEEING.
  5783 | D:7      | Reached * piety under Okawaru
  5784 | D:7      | Reached skill level 6 in Fighting
  5793 | D:7      | 5793 ||| FLEEEEING.
  5797 | D:7      | 5797 ||| FLEEEEING.
  5808 | D:7      | 5808 ||| FLEEEEING.
  5990 | D:7      | Reached skill level 1 in Invocations
  6260 | D:8      | Reached skill level 3 in Invocations
  6264 | D:8      | 6264 ||| RETREEEEATING.
  6265 | D:8      | 6265 ||| RETREEEEATING.
  6273 | D:8      | Reached ** piety under Okawaru
  6277 | D:8      | 6277 ||| FLEEEEING.
  6280 | D:8      | 6280 ||| STAIRDANCE
  6355 | D:8      | Reached XP level 10. HP: 72/72 MP: 0/0
  6420 | D:8      | Found a shimmering altar of Xom.
  6437 | D:8      | 6437 ||| FLEEEEING.
  6450 | D:8      | Noticed Pikel
  6451 | D:8      | 6451 ||| RETREEEEATING.
  6457 | D:8      | 6457 ||| RETREEEEATING.
  6467 | D:8      | 6467 ||| RETREEEEATING.
  6472 | D:8      | 6472 ||| RETREEEEATING.
  6475 | D:8      | Reached skill level 9 in Ranged Weapons
  6494 | D:8      | HP: 16/72 [Pikel/+2 whip of freezing (6)]
  6494 | D:8      | HP: 7/72 [Pikel/+2 whip of freezing (9)]
  6495 | D:8      | 6495 ||| READING 3 scrolls of teleportation.
  6495 | D:8      | Mangled by Pikel

Levels and vault maps discovered:
D:1:      dpeg_arrival_ternary, layout_rooms
D:2:      layout_basic, uniq_natasha
D:3:      layout_basic, kennysheep_another_room, solitary_fountain, uniq_ijyb
D:4:      layout_rooms, nicolae_grassy_gnolls
D:5:      layout_loops_ring, nicolae_elyvilon_temple_path, portal_sewer_entry_e,
          doesnt_shop_hydraphobe
D:6:      layout_loops_corners, grunt_temple_overflow_open,
          kennysheep_okawaru_gauntlet, temple_statues, grunt_decor_cap
D:7:      layout_basic
D:8:      layout_rooms, led_xom_imps, nicolae_uskayaw_dance_hall, st_stairs_14,
          serial_bayou_pond_a, uniq_pikel
Temple:   minmay_temple_curvy_branch

Skill      XL: |  1  2  3  4  5  6  7  8  9 10 |
---------------+-------------------------------+-----
Ranged Weapons | 4 5 6 7 8 9 |  9.0
Fighting       | 3 4 5 6 |  6.3
Dodging        | 3 4 5 |  5.6
Armour         | 1 2 |  2.7
Invocations    | 3 4 |  4.0
Stealth        | |  0.7

Action                     |  1- 3 |  4- 6 |  7- 9 | 10-12 || total
---------------------------+-------+-------+-------+-------++-------
   Fire: Shortbow          |    69 |   188 |    95 |       ||   352
         Orcbow            |       |       |   287 |    66 ||   353
    Use: Scroll            |     5 |     9 |     2 |     1 ||    17
         Potion            |       |     1 |     1 |       ||     2
 Armour: Leather armour    |    12 |    22 |       |       ||    34
         Ring mail         |       |    12 |   177 |    32 ||   221
  Dodge: Dodged            |    25 |    82 |   362 |    57 ||   526

Table legend:
 A = Non-vault XP
 B = Vault XP
 C = Vault XP percentage of total XP
 D = Non-vault monster count
 E = Vault monster count
 F = Vault count percentage of total count
                 A         B        C        D         E       F
            +---------+---------+-------+---------+---------+-------
      Total |    4028 |     463 |  10.3 |     144 |      14 |   8.9
            +---------+---------+-------+---------+---------+-------
        D:1 |      28 |       0 |   0.0 |      18 |       0 |   0.0
        D:2 |     130 |      36 |  21.7 |      26 |       1 |   3.7
        D:3 |     164 |      36 |  18.0 |      16 |       1 |   5.9
        D:4 |     253 |     147 |  36.8 |      12 |       5 |  29.4
        D:5 |     475 |       0 |   0.0 |      18 |       0 |   0.0
        D:6 |     762 |       4 |   0.5 |      20 |       2 |   9.1
        D:7 |    1250 |       0 |   0.0 |      20 |       0 |   0.0
        D:8 |     966 |     240 |  19.9 |      14 |       5 |  26.3
            +---------+---------+-------+---------+---------+-------
